 Dungeon Crawl Stone Soup version 0.22-a0-358-g7563fe7 (webtiles) character file.

5339 Amnesiac the Reanimator (level 10, -3/76 HPs)
             Began as a Mummy Necromancer on Apr 18, 2018.
             Was a Believer of Sif Muna.
             Slain by a yak (7 damage)
             ... on level 1 of the Lair of Beasts.
             The game lasted 00:19:05 (10012 turns).

Amnesiac the Reanimator (Mummy Necromancer)        Turns: 10012, Time: 00:19:06

Health: -3/76      AC:  4    Str: 11    XL:     10   Next: 38%
Magic:  1/21       EV: 16    Int: 17    God:    Sif Muna [**....]
Gold:   356        SH:  5    Dex: 14    Spells: 9/24 levels left

rFire    x . .     SeeInvis .   a - +4 flail (protect)
rCold    + + .     Gourm    .   u - +0 buckler
rNeg     + + +     Faith    .   l - +0 leather armour {rC+}
rPois    ∞         Spirit   .   (no helmet)
rElec    .         Reflect  .   (no cloak)
rCorr    .         Harm     .   i - +0 pair of gloves
MR       +....                  (no boots)
Stlth    ++++......             (no amulet)
HPRegen  0.22/turn              d - ring of stealth
MPRegen  0.17/turn              s - ring of stealth

@: divine energy
A: no food or potions, fire vulnerability, cold resistance 1, negative energy
resistance 3, torment resistance, unbreathing
a: Stop Divine Energy, Renounce Religion


You were on level 1 of the Lair of Beasts.
You worshipped Sif Muna.
Sif Muna was pleased with you.
You were not hungry.

You visited 3 branches of the dungeon, and saw 10 of its levels.

You collected 356 gold pieces.

Inventory:

Hand Weapons
 a - a +4 flail of protection (weapon)
 b - a +3 hunting sling
 w - a +0 blowgun
Missiles
 j - 38 sling bullets
 o - 279 stones (quivered)
 p - 67 poisoned needles
 v - 4 throwing nets
Armour
 i - a +0 pair of gloves (worn)
 l - a +0 leather armour of cold resistance (worn)
 u - a +0 buckler (worn)
Jewellery
 d - a ring of stealth (left hand)
 s - a ring of stealth (right hand)
Wands
 f - a wand of random effects (12)
 k - a wand of acid (3)
 x - a wand of iceblast (12)
Scrolls
 c - 2 scrolls of immolation {!r}
 e - a scroll of identify {!r}
 g - 10 scrolls of teleportation {!r}
 h - 3 scrolls of remove curse {!r}
 m - a scroll of magic mapping {!r}
 n - a scroll of random uselessness {!r}
 q - a scroll of enchant armour {!r, unknown}
 r - 2 scrolls of fear {!r}
 t - 2 scrolls of noise {!r}
 y - a scroll of acquirement {!r}


   Skills:
 - Level 6.1 Fighting
 - Level 8.0 Dodging
 - Level 1.5 Stealth
 - Level 4.1 Shields
 + Level 7.6 Spellcasting
 * Level 8.4 Necromancy


You had 9 spell levels left.
You knew the following spells:

 Your Spells              Type           Power        Failure   Level  Hunger
a - Pain                  Necr           ####         1%          1    N/A
b - Spectral Weapon       Hex/Chrm       #.......     41%         3    N/A
c - Confuse               Hex            #.......     41%         3    N/A
d - Vampiric Draining     Necr           #####.....   1%          3    N/A
e - Dispel Undead         Necr           #####...     12%         5    N/A

Dungeon Overview and Level Annotations

Branches:
Dungeon (8/15)             Temple (1/1) D:5            Lair (1/6) D:8

Altars:
Ashenzari
Cheibriados
Dithmenos
Elyvilon
Fedhas
Kikubaaqudgha
Makhleb
Nemelex Xobeh
Okawaru
Qazlal
Ru
Sif Muna
Trog
Uskayaw
Wu Jian
Yredelemnul
Zin
The Shining One

Shops:
D:5 *   D:7 }


Innate Abilities, Weirdness & Mutations

You do not eat or drink.
Your flesh is vulnerable to fire.
You are immune to poison.
Your flesh is cold resistant. (rC+)
You are immune to negative energy. (rN+++)
You are immune to unholy pain and torment.
You can survive without breathing.


Message History

Press: ? - help, Shift-Dir - straight line, f/p - yak
Aim: a yak (severely wounded, chance to defeat MR: 84%)
The yak barely resists.
The yak gores you! The yak gores you.
Casting: Pain (safe; 1% risk of failure)
Confirm with . or Enter, or press ? or * to list all spells.
Aiming: Pain (safe; 1% risk of failure)
Press: ? - help, Shift-Dir - straight line, f/p - yak
Aim: a yak (severely wounded, chance to defeat MR: 84%)
The yak writhes in agony!
The yak gores you but does no damage. The yak gores you!
Casting: Pain (safe; 1% risk of failure)
Confirm with . or Enter, or press ? or * to list all spells.
Aiming: Pain (safe; 1% risk of failure)
Press: ? - help, Shift-Dir - straight line, f/p - yak
Aim: a yak (severely wounded, chance to defeat MR: 84%)
The yak writhes in agony!
The yak gores you but does no damage. The yak gores you.
Casting: Pain (safe; 1% risk of failure)
Confirm with . or Enter, or press ? or * to list all spells.
Aiming: Vampiric Draining (safe; 1% risk of failure)
Press: ? - help, Shift-Dir - straight line, f - yak, p - yak
Aim: a yak The yak is lightly wounded.
You feel life coursing into your body.
Casting: Vampiric Draining (safe; 1% risk of failure)
Confirm with . or Enter, or press ? or * to list all spells.
Aiming: Vampiric Draining (safe; 1% risk of failure)
Press: ? - help, Shift-Dir - straight line, f/p - yak
Aim: a yak (lightly wounded)
The yak is moderately wounded.
You feel life coursing into your body. The yak misses you. The yak gores you!
Casting: Vampiric Draining (safe; 1% risk of failure)
Confirm with . or Enter, or press ? or * to list all spells.
Aiming: Vampiric Draining (safe; 1% risk of failure)
Press: ? - help, Shift-Dir - straight line, f/p - yak
Aim: a yak (moderately wounded)
The yak is heavily wounded.
You feel life coursing into your body. The yak closely misses you.
The yak barely misses you.
Casting: Vampiric Draining (safe; 1% risk of failure)
Confirm with . or Enter, or press ? or * to list all spells.
Aiming: Vampiric Draining (safe; 1% risk of failure)
Press: ? - help, Shift-Dir - straight line, f/p - yak
Aim: a yak (heavily wounded)
The yak is severely wounded.
You feel life coursing into your body. The yak gores you!
* * * LOW HITPOINT WARNING * * *
The yak gores you!
* * * LOW HITPOINT WARNING * * *
The yak gores you!
* * * LOW HITPOINT WARNING * * *
Casting: Vampiric Draining (safe; 1% risk of failure)
Confirm with . or Enter, or press ? or * to list all spells.
Aiming: Vampiric Draining (safe; 1% risk of failure)
Press: ? - help, Shift-Dir - straight line, f/p - yak
Aim: a yak (severely wounded)
The yak is almost dead.
You feel life coursing into your body. The yak gores you!
* * * LOW HITPOINT WARNING * * *
The yak closely misses you. You block the yak's attack.
The yak closely misses you.
Unknown command.
The yak gores you!
You die...

######## #.#
##......####.#
#..........#.#
#............##
#.............#
#.............#
##............##
#P............#
###.......@...#
#.......Y...#
####...YYY..##
##........# ##...#...#
### #P#.....#
#######.##
####†..####P........
####..###..........
####.....#.#...#.#.###


You could see 4 yaks.

Vanquished Creatures
  A two-headed ogre (D:8)
  Pikel (D:6)
  The ghost of ximxim the Chopper, an amateur BaWr (D:3)
  4 hungry ghosts
  2 wargs (D:8)
  Edmund (D:5)
  A human skeleton (D:7)
  A black bear (D:8)
  An ice beast (D:7)
  2 orc warriors
  2 slaves (D:6)
  A phantom (D:8)
  2 ogres
  A blink frog zombie (Lair:1)
  6 centaurs
  A crocodile (Lair:1)
  A hippogriff zombie (Lair:1)
  2 bullfrogs
  A hippogriff skeleton (D:7)
  A scorpion (D:7)
  8 killer bees
  A howler monkey (D:4)
  2 crimson imps
  3 centaur zombies
  4 bullfrog zombies
  2 jellies
  9 orc wizards
  6 hounds
  5 orc priests
  2 bullfrog skeletons
  4 iguanas
  7 worker ants
  An ogre zombie (D:8)
  2 hound skeletons (D:5)
  A worker ant zombie (D:7)
  3 gnolls (D:6)
  7 adders
  3 shadow imps
  8 oozes
  5 adder skeletons
  2 worms
  6 leopard geckos
  34 orcs
  8 bats
  5 giant cockroaches
  6 goblins
  4 hobgoblins
  9 jackals
  4 quokkas
  3 ball pythons (D:2)
  6 frilled lizards
  17 kobolds
  A leopard gecko skeleton (D:5)
  2 orc skeletons (D:7)
  A quokka skeleton (D:4)
  7 rats
231 creatures vanquished.

Vanquished Creatures (others)
  A worm (D:6)
  An orc skeleton (D:7)
  8 toadstools (D:3)
10 creatures vanquished.

Grand Total: 241 creatures vanquished

Notes
Turn   | Place    | Note
-------+----------+-------------------------------------------
     0 | D:1      | Amnesiac the Mummy Necromancer began the quest for the Orb.
     0 | D:1      | Reached XP level 1. HP: 13/13 MP: 4/4
   377 | D:1      | Reached XP level 2. HP: 20/20 MP: 2/5
  1151 | D:2      | Reached skill level 1 in Fighting
  1151 | D:2      | Reached XP level 3. HP: 24/26 MP: 2/7
  1223 | D:3      | Noticed ximxim's ghost (amateur BaWr)
  1451 | D:2      | Found a glowing golden altar of the Shining One.
  1825 | D:2      | Learned a level 3 spell: Vampiric Draining
  1840 | D:3      | Found an ornate altar of the Wu Jian Council.
  1868 | D:3      | Reached XP level 4. HP: 24/32 MP: 0/8
  2620 | D:4      | Found a hide-covered altar of Uskayaw.
  2640 | D:4      | Reached XP level 5. HP: 17/38 MP: 6/10
  2755 | D:4      | Reached skill level 5 in Necromancy
  2942 | D:4      | Found an ancient bone altar of Kikubaaqudgha.
  3001 | D:4      | Became a worshipper of Kikubaaqudgha
  4151 | D:3      | Killed ximxim's ghost
  4151 | D:3      | Reached XP level 6. HP: 35/46 MP: 10/12
  4398 | D:3      | Reached * piety under Kikubaaqudgha
  4398 | D:3      | Identified Kikubaaqudgha's Volume of Evil Rituals (Kikubaaqudgha gifted it to you on level 3 of the Dungeon)
  4398 | D:3      | Received a gift from Kikubaaqudgha
  4913 | D:5      | Entered Level 5 of the Dungeon
  4925 | D:5      | Noticed a hungry ghost
  4969 | D:5      | Killed a hungry ghost
  4969 | D:5      | Reached XP level 7. HP: 26/52 MP: 12/14
  5082 | D:5      | Noticed Edmund
  5114 | D:5      | Killed Edmund
  5114 | D:5      | Reached skill level 5 in Spellcasting
  5210 | D:5      | Found a sparkling altar of Nemelex Xobeh.
  5227 | D:5      | Found a shattered altar of Ashenzari.
  5291 | D:5      | Reached skill level 5 in Dodging
  5590 | D:5      | Learned a level 3 spell: Spectral Weapon
  5623 | D:5      | Found Cavvufal's General Store.
  5756 | D:5      | Reached ** piety under Kikubaaqudgha
  5756 | D:5      | Reached XP level 8. HP: 33/60 MP: 10/15
  5789 | D:5      | Found a bloodstained altar of Trog.
  5819 | D:5      | Found a staircase to the Ecumenical Temple.
  5953 | D:5      | Found a white marble altar of Elyvilon.
  6266 | D:6      | Reached skill level 5 in Fighting
  6309 | D:6      | Found a blossoming altar of Fedhas.
  6388 | D:6      | Found a burning altar of Makhleb.
  6388 | D:6      | Found an iron altar of Okawaru.
  6388 | D:6      | Found a basalt altar of Yredelemnul.
  6674 | D:6      | Noticed Pikel
  6787 | D:6      | Killed Pikel
  6787 | D:6      | Reached XP level 9. HP: 53/69 MP: 16/16
  6928 | D:7      | Found Zuitior's Gadget Shop.
  6946 | D:7      | Reached skill level 1 in Shields
  7217 | D:7      | Found a snail-covered altar of Cheibriados.
  7244 | D:7      | Reached *** piety under Kikubaaqudgha
  7244 | D:7      | Identified Kikubaaqudgha's Guide on Unholy Rites (Kikubaaqudgha gifted it to you on level 7 of the Dungeon)
  7244 | D:7      | Received a gift from Kikubaaqudgha
  7254 | D:7      | Learned a level 5 spell: Dispel Undead
  7259 | D:7      | Fell from the grace of Kikubaaqudgha
  7354 | Temple   | Entered the Ecumenical Temple
  7364 | Temple   | Became a worshipper of Sif Muna the Loreminder
  7698 | D:7      | Identified a scroll of acquirement {!r}
  7805 | D:7      | Found a sacrificial altar of Ru.
  8138 | D:7      | Noticed a soul eater
  8656 | D:8      | Reached * piety under Sif Muna
  8787 | D:8      | Reached XP level 10. HP: 48/76 MP: 1/19
  8855 | D:8      | Noticed a reaper
  8981 | D:8      | Found a staircase to the Lair.
  9003 | D:8      | Noticed a two-headed ogre
  9385 | D:8      | Learned a level 3 spell: Confuse
  9391 | D:8      | Killed a two-headed ogre
  9391 | D:8      | Reached ** piety under Sif Muna
  9697 | Lair:1   | Entered Level 1 of the Lair of Beasts
 10009 | Lair:1   | HP: 3/76 [yak (15)]
 10012 | Lair:1   | Slain by a yak

Vault maps used:
D:1:      dpeg_arrival_rooms_with_view
D:2:      tso_metal_star, grunt_decor_resistance, dk_vineyard_2,
          lemuel_another_geyser
D:3:      cheibrodos_fertilizer, old_standard_altar
D:4:      kennysheep_mini, nicolae_overflow_crystal_walls
D:5:      minmay_diamond_boxcup, old_standard_altar, old_standard_altar,
          nemelex_xobeh_ov_fountains_minmay, nicolae_overflow_hidden_temple,
          first_ration, serial_shops, kennysheep_mini_moat, uniq_edmund
D:6:      gammafunk_temple_overflow_forgotten, fedhas_altar_4, uniq_pikel
D:7:      nicolae_ru_path_of_blood, cheibriados_altar_1, serial_shops,
          shop_statue, grunt_ogre_cave
D:8:      erik_lair_orcish_takeover
Temple:   compressed_dpeg_triangle_lava_temple
Lair:1:   lemuel_slime, minivault_11, kennysheep_snail_temple

Skill      XL: |  1  2  3  4  5  6  7  8  9 10 |
---------------+-------------------------------+-----
Dodging        | 2 3 4 5 7 8 |  8.0
Fighting       | 1 2 3 4 6 |  6.1
Spellcasting   | 3 4 5 6 7 |  7.6
Necromancy     | 5 6 8 |  8.4
Shields        | 4 |  4.1
Stealth        | |  1.5

Action                   |  1- 3 |  4- 6 |  7- 9 | 10-12 || total
-------------------------+-------+-------+-------+-------++-------
Melee: Unarmed           |    20 |       |       |       ||    20
       Whip              |     5 |    19 |       |       ||    24
       Mace              |       |   151 |    20 |       ||   171
       Flail             |       |       |   434 |    38 ||   472
 Cast: Pain              |    75 |    96 |    37 |    40 ||   248
       Vampiric Draining |       |     2 |    59 |    27 ||    88
       Dispel Undead     |       |       |     3 |    10 ||    13
Invok: Divine Energy     |       |       |     1 |       ||     1
       Renounce Religion |       |       |     1 |       ||     1
Evoke: Wand              |       |     3 |     4 |       ||     7
  Use: Scroll            |       |     6 |     9 |       ||    15
 Stab: Sleeping          |       |       |    14 |       ||    14
Armor: Robe              |     2 |       |       |       ||     2
       Ring mail         |    23 |    22 |       |       ||    45
       Leather armour    |       |    75 |   189 |    22 ||   286
Dodge: Dodged            |    43 |   214 |   458 |    99 ||   814
Block: Buckler           |       |       |    50 |    32 ||    82

Table legend:
 A = Spawn XP
 B = Non-spawn XP
 C = Spawn XP percentage of total XP
 D = Spawn monster count
 E = Non-spawn monster count
 F = Spawn count percentage of total count
 G = Total turns spent on level
                    A         B        C        D         E        F      G
               +---------+---------+-------+---------+---------+-------+---------
         Total |       0 |    7628 |   0.0 |       0 |     218 |   0.0 | 10012
               +---------+---------+-------+---------+---------+-------+---------
           D:1 |       0 |      30 |   0.0 |       0 |      19 |   0.0 |  1029
           D:2 |       0 |      78 |   0.0 |       0 |      26 |   0.0 |  1821
           D:3 |       0 |     384 |   0.0 |       0 |      35 |   0.0 |  1012
           D:4 |       0 |     152 |   0.0 |       0 |      11 |   0.0 |  1118
           D:5 |       0 |    1140 |   0.0 |       0 |      46 |   0.0 |  1399
           D:6 |       0 |    1266 |   0.0 |       0 |      18 |   0.0 |   857
           D:7 |       0 |    1728 |   0.0 |       0 |      31 |   0.0 |  1605
           D:8 |       0 |    2747 |   0.0 |       0 |      31 |   0.0 |   835
        Lair:1 |       0 |     103 |   0.0 |       0 |       1 |   0.0 |   315
               +---------+---------+-------+---------+---------+-------+---------
